Workbook
Name 費目リスト: OFFSET(設定!$I$5,0,0,MAX(1,COUNTIF(設定!$I$5:$I$30,"?*")),1)
Name 支払リスト: OFFSET(設定!$K$5,0,0,MAX(1,COUNTIF(設定!$K$5:$K$12,"?*")),1)

Sheet 入力
A1: 家計簿（入力）
A2: 1行に1つずつ、使ったお金・入ったお金を書いていきます。区分（収入・支出）は費目から自動で入ります。
A3: 要確認 | B3: =IF(COUNTIFS($D$6:$D$100000,"<>",$B$6:$B$100000,"")+COUNTIF($G$6:$G$100000,"費目を確認")=0,"なし",COUNTIFS($D$6:$D$100000,"<>",$B$6:$B$100000,"")+COUNTIF($G$6:$G$100000,"費目を確認")&" 件（費目が空か、設定にない費目です）") | D3: 行が足りなくなったら、いちばん下の行をコピーして、その下に貼り付けると増やせます
G4: 自動
A5: 日付 | B5: 費目 | C5: 内容 | D5: 金額 | E5: 支払方法 | F5: メモ | G5: 区分
A6: 46327 | B6: 住居費 | C6: 家賃 | D6: 85000 | E6: 口座（振込・引落） | G6: =IF(B6="","",IFERROR(INDEX(設定!$B$5:$B$30,MATCH(B6,設定!$A$5:$A$30,0)),"費目を確認"))
A7: 46328 | B7: 食費 | C7: スーパー | D7: 4280 | E7: クレジットカード | G7: =IF(B7="","",IFERROR(INDEX(設定!$B$5:$B$30,MATCH(B7,設定!$A$5:$A$30,0)),"費目を確認"))
A8: 46329 | B8: 日用品 | C8: ドラッグストア | D8: 1650 | E8: 電子マネー | G8: =IF(B8="","",IFERROR(INDEX(設定!$B$5:$B$30,MATCH(B8,設定!$A$5:$A$30,0)),"費目を確認"))
A9: 46331 | B9: 通信費 | C9: スマホ 2人分 | D9: 6600 | E9: クレジットカード | G9: =IF(B9="","",IFERROR(INDEX(設定!$B$5:$B$30,MATCH(B9,設定!$A$5:$A$30,0)),"費目を確認"))
A10: 46332 | B10: 食費 | C10: ランチ | D10: 1100 | E10: 現金 | G10: =IF(B10="","",IFERROR(INDEX(設定!$B$5:$B$30,MATCH(B10,設定!$A$5:$A$30,0)),"費目を確認"))
A11: 46334 | B11: 交際費 | C11: 友人と食事 | D11: 5500 | E11: 現金 | G11: =IF(B11="","",IFERROR(INDEX(設定!$B$5:$B$30,MATCH(B11,設定!$A$5:$A$30,0)),"費目を確認"))
A12: 46335 | B12: 食費 | C12: スーパー | D12: 5120 | E12: クレジットカード | G12: =IF(B12="","",IFERROR(INDEX(設定!$B$5:$B$30,MATCH(B12,設定!$A$5:$A$30,0)),"費目を確認"))
A13: 46336 | B13: 水道光熱費 | C13: 電気代 | D13: 8900 | E13: 口座（振込・引落） | G13: =IF(B13="","",IFERROR(INDEX(設定!$B$5:$B$30,MATCH(B13,設定!$A$5:$A$30,0)),"費目を確認"))
A14: 46338 | B14: 交通費 | C14: ICカードのチャージ | D14: 3000 | E14: 電子マネー | G14: =IF(B14="","",IFERROR(INDEX(設定!$B$5:$B$30,MATCH(B14,設定!$A$5:$A$30,0)),"費目を確認"))
A15: 46340 | B15: 趣味・娯楽 | C15: 映画 | D15: 3800 | E15: クレジットカード | G15: =IF(B15="","",IFERROR(INDEX(設定!$B$5:$B$30,MATCH(B15,設定!$A$5:$A$30,0)),"費目を確認"))
A16: 46341 | B16: 食費 | C16: スーパー | D16: 3960 | E16: クレジットカード | G16: =IF(B16="","",IFERROR(INDEX(設定!$B$5:$B$30,MATCH(B16,設定!$A$5:$A$30,0)),"費目を確認"))
A17: 46342 | B17: 衣服・美容 | C17: 美容院 | D17: 6600 | E17: クレジットカード | G17: =IF(B17="","",IFERROR(INDEX(設定!$B$5:$B$30,MATCH(B17,設定!$A$5:$A$30,0)),"費目を確認"))
... A28: 46356 | B28: 趣味・娯楽 | C28: 本 | D28: 1760 | E28: 電子マネー | G28: =IF(B28="","",IFERROR(INDEX(設定!$B$5:$B$30,MATCH(B28,設定!$A$5:$A$30,0)),"費目を確認"))
G29: =IF(B29="","",IFERROR(INDEX(設定!$B$5:$B$30,MATCH(B29,設定!$A$5:$A$30,0)),"費目を確認"))
G30: =IF(B30="","",IFERROR(INDEX(設定!$B$5:$B$30,MATCH(B30,設定!$A$5:$A$30,0)),"費目を確認"))
G31: =IF(B31="","",IFERROR(INDEX(設定!$B$5:$B$30,MATCH(B31,設定!$A$5:$A$30,0)),"費目を確認"))
G32: =IF(B32="","",IFERROR(INDEX(設定!$B$5:$B$30,MATCH(B32,設定!$A$5:$A$30,0)),"費目を確認"))
G33: =IF(B33="","",IFERROR(INDEX(設定!$B$5:$B$30,MATCH(B33,設定!$A$5:$A$30,0)),"費目を確認"))
G34: =IF(B34="","",IFERROR(INDEX(設定!$B$5:$B$30,MATCH(B34,設定!$A$5:$A$30,0)),"費目を確認"))
G35: =IF(B35="","",IFERROR(INDEX(設定!$B$5:$B$30,MATCH(B35,設定!$A$5:$A$30,0)),"費目を確認"))
G36: =IF(B36="","",IFERROR(INDEX(設定!$B$5:$B$30,MATCH(B36,設定!$A$5:$A$30,0)),"費目を確認"))
G37: =IF(B37="","",IFERROR(INDEX(設定!$B$5:$B$30,MATCH(B37,設定!$A$5:$A$30,0)),"費目を確認"))
G38: =IF(B38="","",IFERROR(INDEX(設定!$B$5:$B$30,MATCH(B38,設定!$A$5:$A$30,0)),"費目を確認"))
G39: =IF(B39="","",IFERROR(INDEX(設定!$B$5:$B$30,MATCH(B39,設定!$A$5:$A$30,0)),"費目を確認"))
G40: =IF(B40="","",IFERROR(INDEX(設定!$B$5:$B$30,MATCH(B40,設定!$A$5:$A$30,0)),"費目を確認"))
... G2005: =IF(B2005="","",IFERROR(INDEX(設定!$B$5:$B$30,MATCH(B2005,設定!$A$5:$A$30,0)),"費目を確認"))

Sheet 月のまとめ
A1: 月のまとめ
A3: 対象 | B3: 2026 | C3: 年 | D3: 11 | E3: 月 | K3: =DATE(B3,D3,1) | L3: =DATE(B3,D3+1,1)
A5: 収入 | C5: 支出 | E5: 収支（収入−支出） | H5: 予算の残り（合計）
A6: =SUMIFS(入力!$D:$D,入力!$G:$G,"収入",入力!$A:$A,">="&$K$3,入力!$A:$A,"<"&$L$3) | C6: =SUMIFS(入力!$D:$D,入力!$G:$G,"支出",入力!$A:$A,">="&$K$3,入力!$A:$A,"<"&$L$3) | E6: =A6-C6 | H6: =SUM(E9:E34)
A8: 費目 | B8: 区分 | C8: 予算 | D8: 使った金額 | E8: 残り | F8: 予算比 | H8: 支払方法 | I8: 支出
A9: =IF(設定!A5="","",設定!A5) | B9: =IF(A9="","",設定!B5) | C9: =IF(OR(A9="",B9="収入",設定!C5=""),"",設定!C5) | D9: =IF(A9="","",SUMIFS(入力!$D:$D,入力!$B:$B,A9,入力!$A:$A,">="&$K$3,入力!$A:$A,"<"&$L$3)) | E9: =IF(OR(C9="",B9="収入"),"",C9-D9) | F9: =IF(OR(C9="",N(C9)=0),"",D9/C9) | H9: =IF(設定!E5="","",設定!E5) | I9: =IF(H9="","",SUMIFS(入力!$D:$D,入力!$E:$E,H9,入力!$G:$G,"支出",入力!$A:$A,">="&$K$3,入力!$A:$A,"<"&$L$3))
A10: =IF(設定!A6="","",設定!A6) | B10: =IF(A10="","",設定!B6) | C10: =IF(OR(A10="",B10="収入",設定!C6=""),"",設定!C6) | D10: =IF(A10="","",SUMIFS(入力!$D:$D,入力!$B:$B,A10,入力!$A:$A,">="&$K$3,入力!$A:$A,"<"&$L$3)) | E10: =IF(OR(C10="",B10="収入"),"",C10-D10) | F10: =IF(OR(C10="",N(C10)=0),"",D10/C10) | H10: =IF(設定!E6="","",設定!E6) | I10: =IF(H10="","",SUMIFS(入力!$D:$D,入力!$E:$E,H10,入力!$G:$G,"支出",入力!$A:$A,">="&$K$3,入力!$A:$A,"<"&$L$3))
A11: =IF(設定!A7="","",設定!A7) | B11: =IF(A11="","",設定!B7) | C11: =IF(OR(A11="",B11="収入",設定!C7=""),"",設定!C7) | D11: =IF(A11="","",SUMIFS(入力!$D:$D,入力!$B:$B,A11,入力!$A:$A,">="&$K$3,入力!$A:$A,"<"&$L$3)) | E11: =IF(OR(C11="",B11="収入"),"",C11-D11) | F11: =IF(OR(C11="",N(C11)=0),"",D11/C11) | H11: =IF(設定!E7="","",設定!E7) | I11: =IF(H11="","",SUMIFS(入力!$D:$D,入力!$E:$E,H11,入力!$G:$G,"支出",入力!$A:$A,">="&$K$3,入力!$A:$A,"<"&$L$3))
A12: =IF(設定!A8="","",設定!A8) | B12: =IF(A12="","",設定!B8) | C12: =IF(OR(A12="",B12="収入",設定!C8=""),"",設定!C8) | D12: =IF(A12="","",SUMIFS(入力!$D:$D,入力!$B:$B,A12,入力!$A:$A,">="&$K$3,入力!$A:$A,"<"&$L$3)) | E12: =IF(OR(C12="",B12="収入"),"",C12-D12) | F12: =IF(OR(C12="",N(C12)=0),"",D12/C12) | H12: =IF(設定!E8="","",設定!E8) | I12: =IF(H12="","",SUMIFS(入力!$D:$D,入力!$E:$E,H12,入力!$G:$G,"支出",入力!$A:$A,">="&$K$3,入力!$A:$A,"<"&$L$3))
A13: =IF(設定!A9="","",設定!A9) | B13: =IF(A13="","",設定!B9) | C13: =IF(OR(A13="",B13="収入",設定!C9=""),"",設定!C9) | D13: =IF(A13="","",SUMIFS(入力!$D:$D,入力!$B:$B,A13,入力!$A:$A,">="&$K$3,入力!$A:$A,"<"&$L$3)) | E13: =IF(OR(C13="",B13="収入"),"",C13-D13) | F13: =IF(OR(C13="",N(C13)=0),"",D13/C13) | H13: =IF(設定!E9="","",設定!E9) | I13: =IF(H13="","",SUMIFS(入力!$D:$D,入力!$E:$E,H13,入力!$G:$G,"支出",入力!$A:$A,">="&$K$3,入力!$A:$A,"<"&$L$3))
A14: =IF(設定!A10="","",設定!A10) | B14: =IF(A14="","",設定!B10) | C14: =IF(OR(A14="",B14="収入",設定!C10=""),"",設定!C10) | D14: =IF(A14="","",SUMIFS(入力!$D:$D,入力!$B:$B,A14,入力!$A:$A,">="&$K$3,入力!$A:$A,"<"&$L$3)) | E14: =IF(OR(C14="",B14="収入"),"",C14-D14) | F14: =IF(OR(C14="",N(C14)=0),"",D14/C14) | H14: =IF(設定!E10="","",設定!E10) | I14: =IF(H14="","",SUMIFS(入力!$D:$D,入力!$E:$E,H14,入力!$G:$G,"支出",入力!$A:$A,">="&$K$3,入力!$A:$A,"<"&$L$3))
A15: =IF(設定!A11="","",設定!A11) | B15: =IF(A15="","",設定!B11) | C15: =IF(OR(A15="",B15="収入",設定!C11=""),"",設定!C11) | D15: =IF(A15="","",SUMIFS(入力!$D:$D,入力!$B:$B,A15,入力!$A:$A,">="&$K$3,入力!$A:$A,"<"&$L$3)) | E15: =IF(OR(C15="",B15="収入"),"",C15-D15) | F15: =IF(OR(C15="",N(C15)=0),"",D15/C15) | H15: =IF(設定!E11="","",設定!E11) | I15: =IF(H15="","",SUMIFS(入力!$D:$D,入力!$E:$E,H15,入力!$G:$G,"支出",入力!$A:$A,">="&$K$3,入力!$A:$A,"<"&$L$3))
A16: =IF(設定!A12="","",設定!A12) | B16: =IF(A16="","",設定!B12) | C16: =IF(OR(A16="",B16="収入",設定!C12=""),"",設定!C12) | D16: =IF(A16="","",SUMIFS(入力!$D:$D,入力!$B:$B,A16,入力!$A:$A,">="&$K$3,入力!$A:$A,"<"&$L$3)) | E16: =IF(OR(C16="",B16="収入"),"",C16-D16) | F16: =IF(OR(C16="",N(C16)=0),"",D16/C16) | H16: =IF(設定!E12="","",設定!E12) | I16: =IF(H16="","",SUMIFS(入力!$D:$D,入力!$E:$E,H16,入力!$G:$G,"支出",入力!$A:$A,">="&$K$3,入力!$A:$A,"<"&$L$3))
A17: =IF(設定!A13="","",設定!A13) | B17: =IF(A17="","",設定!B13) | C17: =IF(OR(A17="",B17="収入",設定!C13=""),"",設定!C13) | D17: =IF(A17="","",SUMIFS(入力!$D:$D,入力!$B:$B,A17,入力!$A:$A,">="&$K$3,入力!$A:$A,"<"&$L$3)) | E17: =IF(OR(C17="",B17="収入"),"",C17-D17) | F17: =IF(OR(C17="",N(C17)=0),"",D17/C17)
A18: =IF(設定!A14="","",設定!A14) | B18: =IF(A18="","",設定!B14) | C18: =IF(OR(A18="",B18="収入",設定!C14=""),"",設定!C14) | D18: =IF(A18="","",SUMIFS(入力!$D:$D,入力!$B:$B,A18,入力!$A:$A,">="&$K$3,入力!$A:$A,"<"&$L$3)) | E18: =IF(OR(C18="",B18="収入"),"",C18-D18) | F18: =IF(OR(C18="",N(C18)=0),"",D18/C18)
A19: =IF(設定!A15="","",設定!A15) | B19: =IF(A19="","",設定!B15) | C19: =IF(OR(A19="",B19="収入",設定!C15=""),"",設定!C15) | D19: =IF(A19="","",SUMIFS(入力!$D:$D,入力!$B:$B,A19,入力!$A:$A,">="&$K$3,入力!$A:$A,"<"&$L$3)) | E19: =IF(OR(C19="",B19="収入"),"",C19-D19) | F19: =IF(OR(C19="",N(C19)=0),"",D19/C19)
A20: =IF(設定!A16="","",設定!A16) | B20: =IF(A20="","",設定!B16) | C20: =IF(OR(A20="",B20="収入",設定!C16=""),"",設定!C16) | D20: =IF(A20="","",SUMIFS(入力!$D:$D,入力!$B:$B,A20,入力!$A:$A,">="&$K$3,入力!$A:$A,"<"&$L$3)) | E20: =IF(OR(C20="",B20="収入"),"",C20-D20) | F20: =IF(OR(C20="",N(C20)=0),"",D20/C20)
A21: =IF(設定!A17="","",設定!A17) | B21: =IF(A21="","",設定!B17) | C21: =IF(OR(A21="",B21="収入",設定!C17=""),"",設定!C17) | D21: =IF(A21="","",SUMIFS(入力!$D:$D,入力!$B:$B,A21,入力!$A:$A,">="&$K$3,入力!$A:$A,"<"&$L$3)) | E21: =IF(OR(C21="",B21="収入"),"",C21-D21) | F21: =IF(OR(C21="",N(C21)=0),"",D21/C21)
A22: =IF(設定!A18="","",設定!A18) | B22: =IF(A22="","",設定!B18) | C22: =IF(OR(A22="",B22="収入",設定!C18=""),"",設定!C18) | D22: =IF(A22="","",SUMIFS(入力!$D:$D,入力!$B:$B,A22,入力!$A:$A,">="&$K$3,入力!$A:$A,"<"&$L$3)) | E22: =IF(OR(C22="",B22="収入"),"",C22-D22) | F22: =IF(OR(C22="",N(C22)=0),"",D22/C22)
A23: =IF(設定!A19="","",設定!A19) | B23: =IF(A23="","",設定!B19) | C23: =IF(OR(A23="",B23="収入",設定!C19=""),"",設定!C19) | D23: =IF(A23="","",SUMIFS(入力!$D:$D,入力!$B:$B,A23,入力!$A:$A,">="&$K$3,入力!$A:$A,"<"&$L$3)) | E23: =IF(OR(C23="",B23="収入"),"",C23-D23) | F23: =IF(OR(C23="",N(C23)=0),"",D23/C23)
A24: =IF(設定!A20="","",設定!A20) | B24: =IF(A24="","",設定!B20) | C24: =IF(OR(A24="",B24="収入",設定!C20=""),"",設定!C20) | D24: =IF(A24="","",SUMIFS(入力!$D:$D,入力!$B:$B,A24,入力!$A:$A,">="&$K$3,入力!$A:$A,"<"&$L$3)) | E24: =IF(OR(C24="",B24="収入"),"",C24-D24) | F24: =IF(OR(C24="",N(C24)=0),"",D24/C24)
A25: =IF(設定!A21="","",設定!A21) | B25: =IF(A25="","",設定!B21) | C25: =IF(OR(A25="",B25="収入",設定!C21=""),"",設定!C21) | D25: =IF(A25="","",SUMIFS(入力!$D:$D,入力!$B:$B,A25,入力!$A:$A,">="&$K$3,入力!$A:$A,"<"&$L$3)) | E25: =IF(OR(C25="",B25="収入"),"",C25-D25) | F25: =IF(OR(C25="",N(C25)=0),"",D25/C25)
A26: =IF(設定!A22="","",設定!A22) | B26: =IF(A26="","",設定!B22) | C26: =IF(OR(A26="",B26="収入",設定!C22=""),"",設定!C22) | D26: =IF(A26="","",SUMIFS(入力!$D:$D,入力!$B:$B,A26,入力!$A:$A,">="&$K$3,入力!$A:$A,"<"&$L$3)) | E26: =IF(OR(C26="",B26="収入"),"",C26-D26) | F26: =IF(OR(C26="",N(C26)=0),"",D26/C26)
A27: =IF(設定!A23="","",設定!A23) | B27: =IF(A27="","",設定!B23) | C27: =IF(OR(A27="",B27="収入",設定!C23=""),"",設定!C23) | D27: =IF(A27="","",SUMIFS(入力!$D:$D,入力!$B:$B,A27,入力!$A:$A,">="&$K$3,入力!$A:$A,"<"&$L$3)) | E27: =IF(OR(C27="",B27="収入"),"",C27-D27) | F27: =IF(OR(C27="",N(C27)=0),"",D27/C27)
A28: =IF(設定!A24="","",設定!A24) | B28: =IF(A28="","",設定!B24) | C28: =IF(OR(A28="",B28="収入",設定!C24=""),"",設定!C24) | D28: =IF(A28="","",SUMIFS(入力!$D:$D,入力!$B:$B,A28,入力!$A:$A,">="&$K$3,入力!$A:$A,"<"&$L$3)) | E28: =IF(OR(C28="",B28="収入"),"",C28-D28) | F28: =IF(OR(C28="",N(C28)=0),"",D28/C28)
... A34: =IF(設定!A30="","",設定!A30) | B34: =IF(A34="","",設定!B30) | C34: =IF(OR(A34="",B34="収入",設定!C30=""),"",設定!C30) | D34: =IF(A34="","",SUMIFS(入力!$D:$D,入力!$B:$B,A34,入力!$A:$A,">="&$K$3,入力!$A:$A,"<"&$L$3)) | E34: =IF(OR(C34="",B34="収入"),"",C34-D34) | F34: =IF(OR(C34="",N(C34)=0),"",D34/C34)
A35: ※ 予算比が80%以上で黄色、100%を超えると赤になります。

Sheet 1年のまとめ
A1: 1年のまとめ
A3: 対象の年 | B3: 2026 | C3: 年
A5: 費目 | B5: 1月 | C5: 2月 | D5: 3月 | E5: 4月 | F5: 5月 | G5: 6月 | H5: 7月 | I5: 8月 | J5: 9月 | K5: 10月 | L5: 11月 | M5: 12月 | N5: 合計 | O5: 月平均
A6: =IF(設定!A5="","",設定!A5) | B6: =IF($A6="","",SUMIFS(入力!$D:$D,入力!$B:$B,$A6,入力!$A:$A,">="&DATE($B$3,1,1),入力!$A:$A,"<"&DATE($B$3,2,1))) | C6: =IF($A6="","",SUMIFS(入力!$D:$D,入力!$B:$B,$A6,入力!$A:$A,">="&DATE($B$3,2,1),入力!$A:$A,"<"&DATE($B$3,3,1))) | D6: =IF($A6="","",SUMIFS(入力!$D:$D,入力!$B:$B,$A6,入力!$A:$A,">="&DATE($B$3,3,1),入力!$A:$A,"<"&DATE($B$3,4,1))) | E6: =IF($A6="","",SUMIFS(入力!$D:$D,入力!$B:$B,$A6,入力!$A:$A,">="&DATE($B$3,4,1),入力!$A:$A,"<"&DATE($B$3,5,1))) | F6: =IF($A6="","",SUMIFS(入力!$D:$D,入力!$B:$B,$A6,入力!$A:$A,">="&DATE($B$3,5,1),入力!$A:$A,"<"&DATE($B$3,6,1))) | G6: =IF($A6="","",SUMIFS(入力!$D:$D,入力!$B:$B,$A6,入力!$A:$A,">="&DATE($B$3,6,1),入力!$A:$A,"<"&DATE($B$3,7,1))) | H6: =IF($A6="","",SUMIFS(入力!$D:$D,入力!$B:$B,$A6,入力!$A:$A,">="&DATE($B$3,7,1),入力!$A:$A,"<"&DATE($B$3,8,1))) | I6: =IF($A6="","",SUMIFS(入力!$D:$D,入力!$B:$B,$A6,入力!$A:$A,">="&DATE($B$3,8,1),入力!$A:$A,"<"&DATE($B$3,9,1))) | J6: =IF($A6="","",SUMIFS(入力!$D:$D,入力!$B:$B,$A6,入力!$A:$A,">="&DATE($B$3,9,1),入力!$A:$A,"<"&DATE($B$3,10,1))) | K6: =IF($A6="","",SUMIFS(入力!$D:$D,入力!$B:$B,$A6,入力!$A:$A,">="&DATE($B$3,10,1),入力!$A:$A,"<"&DATE($B$3,11,1))) | L6: =IF($A6="","",SUMIFS(入力!$D:$D,入力!$B:$B,$A6,入力!$A:$A,">="&DATE($B$3,11,1),入力!$A:$A,"<"&DATE($B$3,12,1))) | M6: =IF($A6="","",SUMIFS(入力!$D:$D,入力!$B:$B,$A6,入力!$A:$A,">="&DATE($B$3,12,1),入力!$A:$A,"<"&DATE($B$3,13,1))) | N6: =IF(A6="","",SUM(B6:M6)) | O6: =IF(A6="","",N6/12)
A7: =IF(設定!A6="","",設定!A6) | B7: =IF($A7="","",SUMIFS(入力!$D:$D,入力!$B:$B,$A7,入力!$A:$A,">="&DATE($B$3,1,1),入力!$A:$A,"<"&DATE($B$3,2,1))) | C7: =IF($A7="","",SUMIFS(入力!$D:$D,入力!$B:$B,$A7,入力!$A:$A,">="&DATE($B$3,2,1),入力!$A:$A,"<"&DATE($B$3,3,1))) | D7: =IF($A7="","",SUMIFS(入力!$D:$D,入力!$B:$B,$A7,入力!$A:$A,">="&DATE($B$3,3,1),入力!$A:$A,"<"&DATE($B$3,4,1))) | E7: =IF($A7="","",SUMIFS(入力!$D:$D,入力!$B:$B,$A7,入力!$A:$A,">="&DATE($B$3,4,1),入力!$A:$A,"<"&DATE($B$3,5,1))) | F7: =IF($A7="","",SUMIFS(入力!$D:$D,入力!$B:$B,$A7,入力!$A:$A,">="&DATE($B$3,5,1),入力!$A:$A,"<"&DATE($B$3,6,1))) | G7: =IF($A7="","",SUMIFS(入力!$D:$D,入力!$B:$B,$A7,入力!$A:$A,">="&DATE($B$3,6,1),入力!$A:$A,"<"&DATE($B$3,7,1))) | H7: =IF($A7="","",SUMIFS(入力!$D:$D,入力!$B:$B,$A7,入力!$A:$A,">="&DATE($B$3,7,1),入力!$A:$A,"<"&DATE($B$3,8,1))) | I7: =IF($A7="","",SUMIFS(入力!$D:$D,入力!$B:$B,$A7,入力!$A:$A,">="&DATE($B$3,8,1),入力!$A:$A,"<"&DATE($B$3,9,1))) | J7: =IF($A7="","",SUMIFS(入力!$D:$D,入力!$B:$B,$A7,入力!$A:$A,">="&DATE($B$3,9,1),入力!$A:$A,"<"&DATE($B$3,10,1))) | K7: =IF($A7="","",SUMIFS(入力!$D:$D,入力!$B:$B,$A7,入力!$A:$A,">="&DATE($B$3,10,1),入力!$A:$A,"<"&DATE($B$3,11,1))) | L7: =IF($A7="","",SUMIFS(入力!$D:$D,入力!$B:$B,$A7,入力!$A:$A,">="&DATE($B$3,11,1),入力!$A:$A,"<"&DATE($B$3,12,1))) | M7: =IF($A7="","",SUMIFS(入力!$D:$D,入力!$B:$B,$A7,入力!$A:$A,">="&DATE($B$3,12,1),入力!$A:$A,"<"&DATE($B$3,13,1))) | N7: =IF(A7="","",SUM(B7:M7)) | O7: =IF(A7="","",N7/12)
A8: =IF(設定!A7="","",設定!A7) | B8: =IF($A8="","",SUMIFS(入力!$D:$D,入力!$B:$B,$A8,入力!$A:$A,">="&DATE($B$3,1,1),入力!$A:$A,"<"&DATE($B$3,2,1))) | C8: =IF($A8="","",SUMIFS(入力!$D:$D,入力!$B:$B,$A8,入力!$A:$A,">="&DATE($B$3,2,1),入力!$A:$A,"<"&DATE($B$3,3,1))) | D8: =IF($A8="","",SUMIFS(入力!$D:$D,入力!$B:$B,$A8,入力!$A:$A,">="&DATE($B$3,3,1),入力!$A:$A,"<"&DATE($B$3,4,1))) | E8: =IF($A8="","",SUMIFS(入力!$D:$D,入力!$B:$B,$A8,入力!$A:$A,">="&DATE($B$3,4,1),入力!$A:$A,"<"&DATE($B$3,5,1))) | F8: =IF($A8="","",SUMIFS(入力!$D:$D,入力!$B:$B,$A8,入力!$A:$A,">="&DATE($B$3,5,1),入力!$A:$A,"<"&DATE($B$3,6,1))) | G8: =IF($A8="","",SUMIFS(入力!$D:$D,入力!$B:$B,$A8,入力!$A:$A,">="&DATE($B$3,6,1),入力!$A:$A,"<"&DATE($B$3,7,1))) | H8: =IF($A8="","",SUMIFS(入力!$D:$D,入力!$B:$B,$A8,入力!$A:$A,">="&DATE($B$3,7,1),入力!$A:$A,"<"&DATE($B$3,8,1))) | I8: =IF($A8="","",SUMIFS(入力!$D:$D,入力!$B:$B,$A8,入力!$A:$A,">="&DATE($B$3,8,1),入力!$A:$A,"<"&DATE($B$3,9,1))) | J8: =IF($A8="","",SUMIFS(入力!$D:$D,入力!$B:$B,$A8,入力!$A:$A,">="&DATE($B$3,9,1),入力!$A:$A,"<"&DATE($B$3,10,1))) | K8: =IF($A8="","",SUMIFS(入力!$D:$D,入力!$B:$B,$A8,入力!$A:$A,">="&DATE($B$3,10,1),入力!$A:$A,"<"&DATE($B$3,11,1))) | L8: =IF($A8="","",SUMIFS(入力!$D:$D,入力!$B:$B,$A8,入力!$A:$A,">="&DATE($B$3,11,1),入力!$A:$A,"<"&DATE($B$3,12,1))) | M8: =IF($A8="","",SUMIFS(入力!$D:$D,入力!$B:$B,$A8,入力!$A:$A,">="&DATE($B$3,12,1),入力!$A:$A,"<"&DATE($B$3,13,1))) | N8: =IF(A8="","",SUM(B8:M8)) | O8: =IF(A8="","",N8/12)
A9: =IF(設定!A8="","",設定!A8) | B9: =IF($A9="","",SUMIFS(入力!$D:$D,入力!$B:$B,$A9,入力!$A:$A,">="&DATE($B$3,1,1),入力!$A:$A,"<"&DATE($B$3,2,1))) | C9: =IF($A9="","",SUMIFS(入力!$D:$D,入力!$B:$B,$A9,入力!$A:$A,">="&DATE($B$3,2,1),入力!$A:$A,"<"&DATE($B$3,3,1))) | D9: =IF($A9="","",SUMIFS(入力!$D:$D,入力!$B:$B,$A9,入力!$A:$A,">="&DATE($B$3,3,1),入力!$A:$A,"<"&DATE($B$3,4,1))) | E9: =IF($A9="","",SUMIFS(入力!$D:$D,入力!$B:$B,$A9,入力!$A:$A,">="&DATE($B$3,4,1),入力!$A:$A,"<"&DATE($B$3,5,1))) | F9: =IF($A9="","",SUMIFS(入力!$D:$D,入力!$B:$B,$A9,入力!$A:$A,">="&DATE($B$3,5,1),入力!$A:$A,"<"&DATE($B$3,6,1))) | G9: =IF($A9="","",SUMIFS(入力!$D:$D,入力!$B:$B,$A9,入力!$A:$A,">="&DATE($B$3,6,1),入力!$A:$A,"<"&DATE($B$3,7,1))) | H9: =IF($A9="","",SUMIFS(入力!$D:$D,入力!$B:$B,$A9,入力!$A:$A,">="&DATE($B$3,7,1),入力!$A:$A,"<"&DATE($B$3,8,1))) | I9: =IF($A9="","",SUMIFS(入力!$D:$D,入力!$B:$B,$A9,入力!$A:$A,">="&DATE($B$3,8,1),入力!$A:$A,"<"&DATE($B$3,9,1))) | J9: =IF($A9="","",SUMIFS(入力!$D:$D,入力!$B:$B,$A9,入力!$A:$A,">="&DATE($B$3,9,1),入力!$A:$A,"<"&DATE($B$3,10,1))) | K9: =IF($A9="","",SUMIFS(入力!$D:$D,入力!$B:$B,$A9,入力!$A:$A,">="&DATE($B$3,10,1),入力!$A:$A,"<"&DATE($B$3,11,1))) | L9: =IF($A9="","",SUMIFS(入力!$D:$D,入力!$B:$B,$A9,入力!$A:$A,">="&DATE($B$3,11,1),入力!$A:$A,"<"&DATE($B$3,12,1))) | M9: =IF($A9="","",SUMIFS(入力!$D:$D,入力!$B:$B,$A9,入力!$A:$A,">="&DATE($B$3,12,1),入力!$A:$A,"<"&DATE($B$3,13,1))) | N9: =IF(A9="","",SUM(B9:M9)) | O9: =IF(A9="","",N9/12)
A10: =IF(設定!A9="","",設定!A9) | B10: =IF($A10="","",SUMIFS(入力!$D:$D,入力!$B:$B,$A10,入力!$A:$A,">="&DATE($B$3,1,1),入力!$A:$A,"<"&DATE($B$3,2,1))) | C10: =IF($A10="","",SUMIFS(入力!$D:$D,入力!$B:$B,$A10,入力!$A:$A,">="&DATE($B$3,2,1),入力!$A:$A,"<"&DATE($B$3,3,1))) | D10: =IF($A10="","",SUMIFS(入力!$D:$D,入力!$B:$B,$A10,入力!$A:$A,">="&DATE($B$3,3,1),入力!$A:$A,"<"&DATE($B$3,4,1))) | E10: =IF($A10="","",SUMIFS(入力!$D:$D,入力!$B:$B,$A10,入力!$A:$A,">="&DATE($B$3,4,1),入力!$A:$A,"<"&DATE($B$3,5,1))) | F10: =IF($A10="","",SUMIFS(入力!$D:$D,入力!$B:$B,$A10,入力!$A:$A,">="&DATE($B$3,5,1),入力!$A:$A,"<"&DATE($B$3,6,1))) | G10: =IF($A10="","",SUMIFS(入力!$D:$D,入力!$B:$B,$A10,入力!$A:$A,">="&DATE($B$3,6,1),入力!$A:$A,"<"&DATE($B$3,7,1))) | H10: =IF($A10="","",SUMIFS(入力!$D:$D,入力!$B:$B,$A10,入力!$A:$A,">="&DATE($B$3,7,1),入力!$A:$A,"<"&DATE($B$3,8,1))) | I10: =IF($A10="","",SUMIFS(入力!$D:$D,入力!$B:$B,$A10,入力!$A:$A,">="&DATE($B$3,8,1),入力!$A:$A,"<"&DATE($B$3,9,1))) | J10: =IF($A10="","",SUMIFS(入力!$D:$D,入力!$B:$B,$A10,入力!$A:$A,">="&DATE($B$3,9,1),入力!$A:$A,"<"&DATE($B$3,10,1))) | K10: =IF($A10="","",SUMIFS(入力!$D:$D,入力!$B:$B,$A10,入力!$A:$A,">="&DATE($B$3,10,1),入力!$A:$A,"<"&DATE($B$3,11,1))) | L10: =IF($A10="","",SUMIFS(入力!$D:$D,入力!$B:$B,$A10,入力!$A:$A,">="&DATE($B$3,11,1),入力!$A:$A,"<"&DATE($B$3,12,1))) | M10: =IF($A10="","",SUMIFS(入力!$D:$D,入力!$B:$B,$A10,入力!$A:$A,">="&DATE($B$3,12,1),入力!$A:$A,"<"&DATE($B$3,13,1))) | N10: =IF(A10="","",SUM(B10:M10)) | O10: =IF(A10="","",N10/12)
A11: =IF(設定!A10="","",設定!A10) | B11: =IF($A11="","",SUMIFS(入力!$D:$D,入力!$B:$B,$A11,入力!$A:$A,">="&DATE($B$3,1,1),入力!$A:$A,"<"&DATE($B$3,2,1))) | C11: =IF($A11="","",SUMIFS(入力!$D:$D,入力!$B:$B,$A11,入力!$A:$A,">="&DATE($B$3,2,1),入力!$A:$A,"<"&DATE($B$3,3,1))) | D11: =IF($A11="","",SUMIFS(入力!$D:$D,入力!$B:$B,$A11,入力!$A:$A,">="&DATE($B$3,3,1),入力!$A:$A,"<"&DATE($B$3,4,1))) | E11: =IF($A11="","",SUMIFS(入力!$D:$D,入力!$B:$B,$A11,入力!$A:$A,">="&DATE($B$3,4,1),入力!$A:$A,"<"&DATE($B$3,5,1))) | F11: =IF($A11="","",SUMIFS(入力!$D:$D,入力!$B:$B,$A11,入力!$A:$A,">="&DATE($B$3,5,1),入力!$A:$A,"<"&DATE($B$3,6,1))) | G11: =IF($A11="","",SUMIFS(入力!$D:$D,入力!$B:$B,$A11,入力!$A:$A,">="&DATE($B$3,6,1),入力!$A:$A,"<"&DATE($B$3,7,1))) | H11: =IF($A11="","",SUMIFS(入力!$D:$D,入力!$B:$B,$A11,入力!$A:$A,">="&DATE($B$3,7,1),入力!$A:$A,"<"&DATE($B$3,8,1))) | I11: =IF($A11="","",SUMIFS(入力!$D:$D,入力!$B:$B,$A11,入力!$A:$A,">="&DATE($B$3,8,1),入力!$A:$A,"<"&DATE($B$3,9,1))) | J11: =IF($A11="","",SUMIFS(入力!$D:$D,入力!$B:$B,$A11,入力!$A:$A,">="&DATE($B$3,9,1),入力!$A:$A,"<"&DATE($B$3,10,1))) | K11: =IF($A11="","",SUMIFS(入力!$D:$D,入力!$B:$B,$A11,入力!$A:$A,">="&DATE($B$3,10,1),入力!$A:$A,"<"&DATE($B$3,11,1))) | L11: =IF($A11="","",SUMIFS(入力!$D:$D,入力!$B:$B,$A11,入力!$A:$A,">="&DATE($B$3,11,1),入力!$A:$A,"<"&DATE($B$3,12,1))) | M11: =IF($A11="","",SUMIFS(入力!$D:$D,入力!$B:$B,$A11,入力!$A:$A,">="&DATE($B$3,12,1),入力!$A:$A,"<"&DATE($B$3,13,1))) | N11: =IF(A11="","",SUM(B11:M11)) | O11: =IF(A11="","",N11/12)
A12: =IF(設定!A11="","",設定!A11) | B12: =IF($A12="","",SUMIFS(入力!$D:$D,入力!$B:$B,$A12,入力!$A:$A,">="&DATE($B$3,1,1),入力!$A:$A,"<"&DATE($B$3,2,1))) | C12: =IF($A12="","",SUMIFS(入力!$D:$D,入力!$B:$B,$A12,入力!$A:$A,">="&DATE($B$3,2,1),入力!$A:$A,"<"&DATE($B$3,3,1))) | D12: =IF($A12="","",SUMIFS(入力!$D:$D,入力!$B:$B,$A12,入力!$A:$A,">="&DATE($B$3,3,1),入力!$A:$A,"<"&DATE($B$3,4,1))) | E12: =IF($A12="","",SUMIFS(入力!$D:$D,入力!$B:$B,$A12,入力!$A:$A,">="&DATE($B$3,4,1),入力!$A:$A,"<"&DATE($B$3,5,1))) | F12: =IF($A12="","",SUMIFS(入力!$D:$D,入力!$B:$B,$A12,入力!$A:$A,">="&DATE($B$3,5,1),入力!$A:$A,"<"&DATE($B$3,6,1))) | G12: =IF($A12="","",SUMIFS(入力!$D:$D,入力!$B:$B,$A12,入力!$A:$A,">="&DATE($B$3,6,1),入力!$A:$A,"<"&DATE($B$3,7,1))) | H12: =IF($A12="","",SUMIFS(入力!$D:$D,入力!$B:$B,$A12,入力!$A:$A,">="&DATE($B$3,7,1),入力!$A:$A,"<"&DATE($B$3,8,1))) | I12: =IF($A12="","",SUMIFS(入力!$D:$D,入力!$B:$B,$A12,入力!$A:$A,">="&DATE($B$3,8,1),入力!$A:$A,"<"&DATE($B$3,9,1))) | J12: =IF($A12="","",SUMIFS(入力!$D:$D,入力!$B:$B,$A12,入力!$A:$A,">="&DATE($B$3,9,1),入力!$A:$A,"<"&DATE($B$3,10,1))) | K12: =IF($A12="","",SUMIFS(入力!$D:$D,入力!$B:$B,$A12,入力!$A:$A,">="&DATE($B$3,10,1),入力!$A:$A,"<"&DATE($B$3,11,1))) | L12: =IF($A12="","",SUMIFS(入力!$D:$D,入力!$B:$B,$A12,入力!$A:$A,">="&DATE($B$3,11,1),入力!$A:$A,"<"&DATE($B$3,12,1))) | M12: =IF($A12="","",SUMIFS(入力!$D:$D,入力!$B:$B,$A12,入力!$A:$A,">="&DATE($B$3,12,1),入力!$A:$A,"<"&DATE($B$3,13,1))) | N12: =IF(A12="","",SUM(B12:M12)) | O12: =IF(A12="","",N12/12)
A13: =IF(設定!A12="","",設定!A12) | B13: =IF($A13="","",SUMIFS(入力!$D:$D,入力!$B:$B,$A13,入力!$A:$A,">="&DATE($B$3,1,1),入力!$A:$A,"<"&DATE($B$3,2,1))) | C13: =IF($A13="","",SUMIFS(入力!$D:$D,入力!$B:$B,$A13,入力!$A:$A,">="&DATE($B$3,2,1),入力!$A:$A,"<"&DATE($B$3,3,1))) | D13: =IF($A13="","",SUMIFS(入力!$D:$D,入力!$B:$B,$A13,入力!$A:$A,">="&DATE($B$3,3,1),入力!$A:$A,"<"&DATE($B$3,4,1))) | E13: =IF($A13="","",SUMIFS(入力!$D:$D,入力!$B:$B,$A13,入力!$A:$A,">="&DATE($B$3,4,1),入力!$A:$A,"<"&DATE($B$3,5,1))) | F13: =IF($A13="","",SUMIFS(入力!$D:$D,入力!$B:$B,$A13,入力!$A:$A,">="&DATE($B$3,5,1),入力!$A:$A,"<"&DATE($B$3,6,1))) | G13: =IF($A13="","",SUMIFS(入力!$D:$D,入力!$B:$B,$A13,入力!$A:$A,">="&DATE($B$3,6,1),入力!$A:$A,"<"&DATE($B$3,7,1))) | H13: =IF($A13="","",SUMIFS(入力!$D:$D,入力!$B:$B,$A13,入力!$A:$A,">="&DATE($B$3,7,1),入力!$A:$A,"<"&DATE($B$3,8,1))) | I13: =IF($A13="","",SUMIFS(入力!$D:$D,入力!$B:$B,$A13,入力!$A:$A,">="&DATE($B$3,8,1),入力!$A:$A,"<"&DATE($B$3,9,1))) | J13: =IF($A13="","",SUMIFS(入力!$D:$D,入力!$B:$B,$A13,入力!$A:$A,">="&DATE($B$3,9,1),入力!$A:$A,"<"&DATE($B$3,10,1))) | K13: =IF($A13="","",SUMIFS(入力!$D:$D,入力!$B:$B,$A13,入力!$A:$A,">="&DATE($B$3,10,1),入力!$A:$A,"<"&DATE($B$3,11,1))) | L13: =IF($A13="","",SUMIFS(入力!$D:$D,入力!$B:$B,$A13,入力!$A:$A,">="&DATE($B$3,11,1),入力!$A:$A,"<"&DATE($B$3,12,1))) | M13: =IF($A13="","",SUMIFS(入力!$D:$D,入力!$B:$B,$A13,入力!$A:$A,">="&DATE($B$3,12,1),入力!$A:$A,"<"&DATE($B$3,13,1))) | N13: =IF(A13="","",SUM(B13:M13)) | O13: =IF(A13="","",N13/12)
A14: =IF(設定!A13="","",設定!A13) | B14: =IF($A14="","",SUMIFS(入力!$D:$D,入力!$B:$B,$A14,入力!$A:$A,">="&DATE($B$3,1,1),入力!$A:$A,"<"&DATE($B$3,2,1))) | C14: =IF($A14="","",SUMIFS(入力!$D:$D,入力!$B:$B,$A14,入力!$A:$A,">="&DATE($B$3,2,1),入力!$A:$A,"<"&DATE($B$3,3,1))) | D14: =IF($A14="","",SUMIFS(入力!$D:$D,入力!$B:$B,$A14,入力!$A:$A,">="&DATE($B$3,3,1),入力!$A:$A,"<"&DATE($B$3,4,1))) | E14: =IF($A14="","",SUMIFS(入力!$D:$D,入力!$B:$B,$A14,入力!$A:$A,">="&DATE($B$3,4,1),入力!$A:$A,"<"&DATE($B$3,5,1))) | F14: =IF($A14="","",SUMIFS(入力!$D:$D,入力!$B:$B,$A14,入力!$A:$A,">="&DATE($B$3,5,1),入力!$A:$A,"<"&DATE($B$3,6,1))) | G14: =IF($A14="","",SUMIFS(入力!$D:$D,入力!$B:$B,$A14,入力!$A:$A,">="&DATE($B$3,6,1),入力!$A:$A,"<"&DATE($B$3,7,1))) | H14: =IF($A14="","",SUMIFS(入力!$D:$D,入力!$B:$B,$A14,入力!$A:$A,">="&DATE($B$3,7,1),入力!$A:$A,"<"&DATE($B$3,8,1))) | I14: =IF($A14="","",SUMIFS(入力!$D:$D,入力!$B:$B,$A14,入力!$A:$A,">="&DATE($B$3,8,1),入力!$A:$A,"<"&DATE($B$3,9,1))) | J14: =IF($A14="","",SUMIFS(入力!$D:$D,入力!$B:$B,$A14,入力!$A:$A,">="&DATE($B$3,9,1),入力!$A:$A,"<"&DATE($B$3,10,1))) | K14: =IF($A14="","",SUMIFS(入力!$D:$D,入力!$B:$B,$A14,入力!$A:$A,">="&DATE($B$3,10,1),入力!$A:$A,"<"&DATE($B$3,11,1))) | L14: =IF($A14="","",SUMIFS(入力!$D:$D,入力!$B:$B,$A14,入力!$A:$A,">="&DATE($B$3,11,1),入力!$A:$A,"<"&DATE($B$3,12,1))) | M14: =IF($A14="","",SUMIFS(入力!$D:$D,入力!$B:$B,$A14,入力!$A:$A,">="&DATE($B$3,12,1),入力!$A:$A,"<"&DATE($B$3,13,1))) | N14: =IF(A14="","",SUM(B14:M14)) | O14: =IF(A14="","",N14/12)
A15: =IF(設定!A14="","",設定!A14) | B15: =IF($A15="","",SUMIFS(入力!$D:$D,入力!$B:$B,$A15,入力!$A:$A,">="&DATE($B$3,1,1),入力!$A:$A,"<"&DATE($B$3,2,1))) | C15: =IF($A15="","",SUMIFS(入力!$D:$D,入力!$B:$B,$A15,入力!$A:$A,">="&DATE($B$3,2,1),入力!$A:$A,"<"&DATE($B$3,3,1))) | D15: =IF($A15="","",SUMIFS(入力!$D:$D,入力!$B:$B,$A15,入力!$A:$A,">="&DATE($B$3,3,1),入力!$A:$A,"<"&DATE($B$3,4,1))) | E15: =IF($A15="","",SUMIFS(入力!$D:$D,入力!$B:$B,$A15,入力!$A:$A,">="&DATE($B$3,4,1),入力!$A:$A,"<"&DATE($B$3,5,1))) | F15: =IF($A15="","",SUMIFS(入力!$D:$D,入力!$B:$B,$A15,入力!$A:$A,">="&DATE($B$3,5,1),入力!$A:$A,"<"&DATE($B$3,6,1))) | G15: =IF($A15="","",SUMIFS(入力!$D:$D,入力!$B:$B,$A15,入力!$A:$A,">="&DATE($B$3,6,1),入力!$A:$A,"<"&DATE($B$3,7,1))) | H15: =IF($A15="","",SUMIFS(入力!$D:$D,入力!$B:$B,$A15,入力!$A:$A,">="&DATE($B$3,7,1),入力!$A:$A,"<"&DATE($B$3,8,1))) | I15: =IF($A15="","",SUMIFS(入力!$D:$D,入力!$B:$B,$A15,入力!$A:$A,">="&DATE($B$3,8,1),入力!$A:$A,"<"&DATE($B$3,9,1))) | J15: =IF($A15="","",SUMIFS(入力!$D:$D,入力!$B:$B,$A15,入力!$A:$A,">="&DATE($B$3,9,1),入力!$A:$A,"<"&DATE($B$3,10,1))) | K15: =IF($A15="","",SUMIFS(入力!$D:$D,入力!$B:$B,$A15,入力!$A:$A,">="&DATE($B$3,10,1),入力!$A:$A,"<"&DATE($B$3,11,1))) | L15: =IF($A15="","",SUMIFS(入力!$D:$D,入力!$B:$B,$A15,入力!$A:$A,">="&DATE($B$3,11,1),入力!$A:$A,"<"&DATE($B$3,12,1))) | M15: =IF($A15="","",SUMIFS(入力!$D:$D,入力!$B:$B,$A15,入力!$A:$A,">="&DATE($B$3,12,1),入力!$A:$A,"<"&DATE($B$3,13,1))) | N15: =IF(A15="","",SUM(B15:M15)) | O15: =IF(A15="","",N15/12)
A16: =IF(設定!A15="","",設定!A15) | B16: =IF($A16="","",SUMIFS(入力!$D:$D,入力!$B:$B,$A16,入力!$A:$A,">="&DATE($B$3,1,1),入力!$A:$A,"<"&DATE($B$3,2,1))) | C16: =IF($A16="","",SUMIFS(入力!$D:$D,入力!$B:$B,$A16,入力!$A:$A,">="&DATE($B$3,2,1),入力!$A:$A,"<"&DATE($B$3,3,1))) | D16: =IF($A16="","",SUMIFS(入力!$D:$D,入力!$B:$B,$A16,入力!$A:$A,">="&DATE($B$3,3,1),入力!$A:$A,"<"&DATE($B$3,4,1))) | E16: =IF($A16="","",SUMIFS(入力!$D:$D,入力!$B:$B,$A16,入力!$A:$A,">="&DATE($B$3,4,1),入力!$A:$A,"<"&DATE($B$3,5,1))) | F16: =IF($A16="","",SUMIFS(入力!$D:$D,入力!$B:$B,$A16,入力!$A:$A,">="&DATE($B$3,5,1),入力!$A:$A,"<"&DATE($B$3,6,1))) | G16: =IF($A16="","",SUMIFS(入力!$D:$D,入力!$B:$B,$A16,入力!$A:$A,">="&DATE($B$3,6,1),入力!$A:$A,"<"&DATE($B$3,7,1))) | H16: =IF($A16="","",SUMIFS(入力!$D:$D,入力!$B:$B,$A16,入力!$A:$A,">="&DATE($B$3,7,1),入力!$A:$A,"<"&DATE($B$3,8,1))) | I16: =IF($A16="","",SUMIFS(入力!$D:$D,入力!$B:$B,$A16,入力!$A:$A,">="&DATE($B$3,8,1),入力!$A:$A,"<"&DATE($B$3,9,1))) | J16: =IF($A16="","",SUMIFS(入力!$D:$D,入力!$B:$B,$A16,入力!$A:$A,">="&DATE($B$3,9,1),入力!$A:$A,"<"&DATE($B$3,10,1))) | K16: =IF($A16="","",SUMIFS(入力!$D:$D,入力!$B:$B,$A16,入力!$A:$A,">="&DATE($B$3,10,1),入力!$A:$A,"<"&DATE($B$3,11,1))) | L16: =IF($A16="","",SUMIFS(入力!$D:$D,入力!$B:$B,$A16,入力!$A:$A,">="&DATE($B$3,11,1),入力!$A:$A,"<"&DATE($B$3,12,1))) | M16: =IF($A16="","",SUMIFS(入力!$D:$D,入力!$B:$B,$A16,入力!$A:$A,">="&DATE($B$3,12,1),入力!$A:$A,"<"&DATE($B$3,13,1))) | N16: =IF(A16="","",SUM(B16:M16)) | O16: =IF(A16="","",N16/12)
A17: =IF(設定!A16="","",設定!A16) | B17: =IF($A17="","",SUMIFS(入力!$D:$D,入力!$B:$B,$A17,入力!$A:$A,">="&DATE($B$3,1,1),入力!$A:$A,"<"&DATE($B$3,2,1))) | C17: =IF($A17="","",SUMIFS(入力!$D:$D,入力!$B:$B,$A17,入力!$A:$A,">="&DATE($B$3,2,1),入力!$A:$A,"<"&DATE($B$3,3,1))) | D17: =IF($A17="","",SUMIFS(入力!$D:$D,入力!$B:$B,$A17,入力!$A:$A,">="&DATE($B$3,3,1),入力!$A:$A,"<"&DATE($B$3,4,1))) | E17: =IF($A17="","",SUMIFS(入力!$D:$D,入力!$B:$B,$A17,入力!$A:$A,">="&DATE($B$3,4,1),入力!$A:$A,"<"&DATE($B$3,5,1))) | F17: =IF($A17="","",SUMIFS(入力!$D:$D,入力!$B:$B,$A17,入力!$A:$A,">="&DATE($B$3,5,1),入力!$A:$A,"<"&DATE($B$3,6,1))) | G17: =IF($A17="","",SUMIFS(入力!$D:$D,入力!$B:$B,$A17,入力!$A:$A,">="&DATE($B$3,6,1),入力!$A:$A,"<"&DATE($B$3,7,1))) | H17: =IF($A17="","",SUMIFS(入力!$D:$D,入力!$B:$B,$A17,入力!$A:$A,">="&DATE($B$3,7,1),入力!$A:$A,"<"&DATE($B$3,8,1))) | I17: =IF($A17="","",SUMIFS(入力!$D:$D,入力!$B:$B,$A17,入力!$A:$A,">="&DATE($B$3,8,1),入力!$A:$A,"<"&DATE($B$3,9,1))) | J17: =IF($A17="","",SUMIFS(入力!$D:$D,入力!$B:$B,$A17,入力!$A:$A,">="&DATE($B$3,9,1),入力!$A:$A,"<"&DATE($B$3,10,1))) | K17: =IF($A17="","",SUMIFS(入力!$D:$D,入力!$B:$B,$A17,入力!$A:$A,">="&DATE($B$3,10,1),入力!$A:$A,"<"&DATE($B$3,11,1))) | L17: =IF($A17="","",SUMIFS(入力!$D:$D,入力!$B:$B,$A17,入力!$A:$A,">="&DATE($B$3,11,1),入力!$A:$A,"<"&DATE($B$3,12,1))) | M17: =IF($A17="","",SUMIFS(入力!$D:$D,入力!$B:$B,$A17,入力!$A:$A,">="&DATE($B$3,12,1),入力!$A:$A,"<"&DATE($B$3,13,1))) | N17: =IF(A17="","",SUM(B17:M17)) | O17: =IF(A17="","",N17/12)
... A31: =IF(設定!A30="","",設定!A30) | B31: =IF($A31="","",SUMIFS(入力!$D:$D,入力!$B:$B,$A31,入力!$A:$A,">="&DATE($B$3,1,1),入力!$A:$A,"<"&DATE($B$3,2,1))) | C31: =IF($A31="","",SUMIFS(入力!$D:$D,入力!$B:$B,$A31,入力!$A:$A,">="&DATE($B$3,2,1),入力!$A:$A,"<"&DATE($B$3,3,1))) | D31: =IF($A31="","",SUMIFS(入力!$D:$D,入力!$B:$B,$A31,入力!$A:$A,">="&DATE($B$3,3,1),入力!$A:$A,"<"&DATE($B$3,4,1))) | E31: =IF($A31="","",SUMIFS(入力!$D:$D,入力!$B:$B,$A31,入力!$A:$A,">="&DATE($B$3,4,1),入力!$A:$A,"<"&DATE($B$3,5,1))) | F31: =IF($A31="","",SUMIFS(入力!$D:$D,入力!$B:$B,$A31,入力!$A:$A,">="&DATE($B$3,5,1),入力!$A:$A,"<"&DATE($B$3,6,1))) | G31: =IF($A31="","",SUMIFS(入力!$D:$D,入力!$B:$B,$A31,入力!$A:$A,">="&DATE($B$3,6,1),入力!$A:$A,"<"&DATE($B$3,7,1))) | H31: =IF($A31="","",SUMIFS(入力!$D:$D,入力!$B:$B,$A31,入力!$A:$A,">="&DATE($B$3,7,1),入力!$A:$A,"<"&DATE($B$3,8,1))) | I31: =IF($A31="","",SUMIFS(入力!$D:$D,入力!$B:$B,$A31,入力!$A:$A,">="&DATE($B$3,8,1),入力!$A:$A,"<"&DATE($B$3,9,1))) | J31: =IF($A31="","",SUMIFS(入力!$D:$D,入力!$B:$B,$A31,入力!$A:$A,">="&DATE($B$3,9,1),入力!$A:$A,"<"&DATE($B$3,10,1))) | K31: =IF($A31="","",SUMIFS(入力!$D:$D,入力!$B:$B,$A31,入力!$A:$A,">="&DATE($B$3,10,1),入力!$A:$A,"<"&DATE($B$3,11,1))) | L31: =IF($A31="","",SUMIFS(入力!$D:$D,入力!$B:$B,$A31,入力!$A:$A,">="&DATE($B$3,11,1),入力!$A:$A,"<"&DATE($B$3,12,1))) | M31: =IF($A31="","",SUMIFS(入力!$D:$D,入力!$B:$B,$A31,入力!$A:$A,">="&DATE($B$3,12,1),入力!$A:$A,"<"&DATE($B$3,13,1))) | N31: =IF(A31="","",SUM(B31:M31)) | O31: =IF(A31="","",N31/12)
A33: 収入の合計 | B33: =SUMIFS(入力!$D:$D,入力!$G:$G,"収入",入力!$A:$A,">="&DATE($B$3,1,1),入力!$A:$A,"<"&DATE($B$3,2,1)) | C33: =SUMIFS(入力!$D:$D,入力!$G:$G,"収入",入力!$A:$A,">="&DATE($B$3,2,1),入力!$A:$A,"<"&DATE($B$3,3,1)) | D33: =SUMIFS(入力!$D:$D,入力!$G:$G,"収入",入力!$A:$A,">="&DATE($B$3,3,1),入力!$A:$A,"<"&DATE($B$3,4,1)) | E33: =SUMIFS(入力!$D:$D,入力!$G:$G,"収入",入力!$A:$A,">="&DATE($B$3,4,1),入力!$A:$A,"<"&DATE($B$3,5,1)) | F33: =SUMIFS(入力!$D:$D,入力!$G:$G,"収入",入力!$A:$A,">="&DATE($B$3,5,1),入力!$A:$A,"<"&DATE($B$3,6,1)) | G33: =SUMIFS(入力!$D:$D,入力!$G:$G,"収入",入力!$A:$A,">="&DATE($B$3,6,1),入力!$A:$A,"<"&DATE($B$3,7,1)) | H33: =SUMIFS(入力!$D:$D,入力!$G:$G,"収入",入力!$A:$A,">="&DATE($B$3,7,1),入力!$A:$A,"<"&DATE($B$3,8,1)) | I33: =SUMIFS(入力!$D:$D,入力!$G:$G,"収入",入力!$A:$A,">="&DATE($B$3,8,1),入力!$A:$A,"<"&DATE($B$3,9,1)) | J33: =SUMIFS(入力!$D:$D,入力!$G:$G,"収入",入力!$A:$A,">="&DATE($B$3,9,1),入力!$A:$A,"<"&DATE($B$3,10,1)) | K33: =SUMIFS(入力!$D:$D,入力!$G:$G,"収入",入力!$A:$A,">="&DATE($B$3,10,1),入力!$A:$A,"<"&DATE($B$3,11,1)) | L33: =SUMIFS(入力!$D:$D,入力!$G:$G,"収入",入力!$A:$A,">="&DATE($B$3,11,1),入力!$A:$A,"<"&DATE($B$3,12,1)) | M33: =SUMIFS(入力!$D:$D,入力!$G:$G,"収入",入力!$A:$A,">="&DATE($B$3,12,1),入力!$A:$A,"<"&DATE($B$3,13,1)) | N33: =SUM(B33:M33) | O33: =N33/12
A34: 支出の合計 | B34: =SUMIFS(入力!$D:$D,入力!$G:$G,"支出",入力!$A:$A,">="&DATE($B$3,1,1),入力!$A:$A,"<"&DATE($B$3,2,1)) | C34: =SUMIFS(入力!$D:$D,入力!$G:$G,"支出",入力!$A:$A,">="&DATE($B$3,2,1),入力!$A:$A,"<"&DATE($B$3,3,1)) | D34: =SUMIFS(入力!$D:$D,入力!$G:$G,"支出",入力!$A:$A,">="&DATE($B$3,3,1),入力!$A:$A,"<"&DATE($B$3,4,1)) | E34: =SUMIFS(入力!$D:$D,入力!$G:$G,"支出",入力!$A:$A,">="&DATE($B$3,4,1),入力!$A:$A,"<"&DATE($B$3,5,1)) | F34: =SUMIFS(入力!$D:$D,入力!$G:$G,"支出",入力!$A:$A,">="&DATE($B$3,5,1),入力!$A:$A,"<"&DATE($B$3,6,1)) | G34: =SUMIFS(入力!$D:$D,入力!$G:$G,"支出",入力!$A:$A,">="&DATE($B$3,6,1),入力!$A:$A,"<"&DATE($B$3,7,1)) | H34: =SUMIFS(入力!$D:$D,入力!$G:$G,"支出",入力!$A:$A,">="&DATE($B$3,7,1),入力!$A:$A,"<"&DATE($B$3,8,1)) | I34: =SUMIFS(入力!$D:$D,入力!$G:$G,"支出",入力!$A:$A,">="&DATE($B$3,8,1),入力!$A:$A,"<"&DATE($B$3,9,1)) | J34: =SUMIFS(入力!$D:$D,入力!$G:$G,"支出",入力!$A:$A,">="&DATE($B$3,9,1),入力!$A:$A,"<"&DATE($B$3,10,1)) | K34: =SUMIFS(入力!$D:$D,入力!$G:$G,"支出",入力!$A:$A,">="&DATE($B$3,10,1),入力!$A:$A,"<"&DATE($B$3,11,1)) | L34: =SUMIFS(入力!$D:$D,入力!$G:$G,"支出",入力!$A:$A,">="&DATE($B$3,11,1),入力!$A:$A,"<"&DATE($B$3,12,1)) | M34: =SUMIFS(入力!$D:$D,入力!$G:$G,"支出",入力!$A:$A,">="&DATE($B$3,12,1),入力!$A:$A,"<"&DATE($B$3,13,1)) | N34: =SUM(B34:M34) | O34: =N34/12
A35: 収支 | B35: =B33-B34 | C35: =C33-C34 | D35: =D33-D34 | E35: =E33-E34 | F35: =F33-F34 | G35: =G33-G34 | H35: =H33-H34 | I35: =I33-I34 | ... N35: =N33-N34 | O35: =N35/12

Sheet 設定
A1: 設定
A2: 費目と1か月の予算、支払方法を決めておくシートです。名前を変えたり、空いている行に追加したりできます。
A4: 費目 | B4: 区分 | C4: 月の予算 | E4: 支払方法
A5: 食費 | B5: 支出 | C5: 40000 | E5: 現金 | H5: =IF(A5="","",COUNTIF($A$5:A5,"?*")) | I5: =IFERROR(INDEX($A$5:$A$30,MATCH(1,$H$5:$H$30,0)),"") | J5: =IF(E5="","",COUNTIF($E$5:E5,"?*")) | K5: =IFERROR(INDEX($E$5:$E$12,MATCH(1,$J$5:$J$12,0)),"")
A6: 日用品 | B6: 支出 | C6: 6000 | E6: クレジットカード | H6: =IF(A6="","",COUNTIF($A$5:A6,"?*")) | I6: =IFERROR(INDEX($A$5:$A$30,MATCH(2,$H$5:$H$30,0)),"") | J6: =IF(E6="","",COUNTIF($E$5:E6,"?*")) | K6: =IFERROR(INDEX($E$5:$E$12,MATCH(2,$J$5:$J$12,0)),"")
A7: 住居費 | B7: 支出 | C7: 85000 | E7: 電子マネー | H7: =IF(A7="","",COUNTIF($A$5:A7,"?*")) | I7: =IFERROR(INDEX($A$5:$A$30,MATCH(3,$H$5:$H$30,0)),"") | J7: =IF(E7="","",COUNTIF($E$5:E7,"?*")) | K7: =IFERROR(INDEX($E$5:$E$12,MATCH(3,$J$5:$J$12,0)),"")
A8: 水道光熱費 | B8: 支出 | C8: 15000 | E8: 口座（振込・引落） | H8: =IF(A8="","",COUNTIF($A$5:A8,"?*")) | I8: =IFERROR(INDEX($A$5:$A$30,MATCH(4,$H$5:$H$30,0)),"") | J8: =IF(E8="","",COUNTIF($E$5:E8,"?*")) | K8: =IFERROR(INDEX($E$5:$E$12,MATCH(4,$J$5:$J$12,0)),"")
A9: 通信費 | B9: 支出 | C9: 8000 | E9: その他 | H9: =IF(A9="","",COUNTIF($A$5:A9,"?*")) | I9: =IFERROR(INDEX($A$5:$A$30,MATCH(5,$H$5:$H$30,0)),"") | J9: =IF(E9="","",COUNTIF($E$5:E9,"?*")) | K9: =IFERROR(INDEX($E$5:$E$12,MATCH(5,$J$5:$J$12,0)),"")
A10: 交通費 | B10: 支出 | C10: 5000 | H10: =IF(A10="","",COUNTIF($A$5:A10,"?*")) | I10: =IFERROR(INDEX($A$5:$A$30,MATCH(6,$H$5:$H$30,0)),"") | J10: =IF(E10="","",COUNTIF($E$5:E10,"?*")) | K10: =IFERROR(INDEX($E$5:$E$12,MATCH(6,$J$5:$J$12,0)),"")
A11: 医療費 | B11: 支出 | C11: 5000 | H11: =IF(A11="","",COUNTIF($A$5:A11,"?*")) | I11: =IFERROR(INDEX($A$5:$A$30,MATCH(7,$H$5:$H$30,0)),"") | J11: =IF(E11="","",COUNTIF($E$5:E11,"?*")) | K11: =IFERROR(INDEX($E$5:$E$12,MATCH(7,$J$5:$J$12,0)),"")
A12: 教育費 | B12: 支出 | H12: =IF(A12="","",COUNTIF($A$5:A12,"?*")) | I12: =IFERROR(INDEX($A$5:$A$30,MATCH(8,$H$5:$H$30,0)),"") | J12: =IF(E12="","",COUNTIF($E$5:E12,"?*")) | K12: =IFERROR(INDEX($E$5:$E$12,MATCH(8,$J$5:$J$12,0)),"")
A13: 交際費 | B13: 支出 | C13: 12000 | H13: =IF(A13="","",COUNTIF($A$5:A13,"?*")) | I13: =IFERROR(INDEX($A$5:$A$30,MATCH(9,$H$5:$H$30,0)),"")
A14: 趣味・娯楽 | B14: 支出 | C14: 8000 | H14: =IF(A14="","",COUNTIF($A$5:A14,"?*")) | I14: =IFERROR(INDEX($A$5:$A$30,MATCH(10,$H$5:$H$30,0)),"")
A15: 衣服・美容 | B15: 支出 | C15: 8000 | H15: =IF(A15="","",COUNTIF($A$5:A15,"?*")) | I15: =IFERROR(INDEX($A$5:$A$30,MATCH(11,$H$5:$H$30,0)),"")
A16: 保険 | B16: 支出 | C16: 8500 | H16: =IF(A16="","",COUNTIF($A$5:A16,"?*")) | I16: =IFERROR(INDEX($A$5:$A$30,MATCH(12,$H$5:$H$30,0)),"")
A17: 税金 | B17: 支出 | H17: =IF(A17="","",COUNTIF($A$5:A17,"?*")) | I17: =IFERROR(INDEX($A$5:$A$30,MATCH(13,$H$5:$H$30,0)),"")
A18: 特別な出費 | B18: 支出 | H18: =IF(A18="","",COUNTIF($A$5:A18,"?*")) | I18: =IFERROR(INDEX($A$5:$A$30,MATCH(14,$H$5:$H$30,0)),"")
A19: その他 | B19: 支出 | C19: 5000 | H19: =IF(A19="","",COUNTIF($A$5:A19,"?*")) | I19: =IFERROR(INDEX($A$5:$A$30,MATCH(15,$H$5:$H$30,0)),"")
B20: 支出 | H20: =IF(A20="","",COUNTIF($A$5:A20,"?*")) | I20: =IFERROR(INDEX($A$5:$A$30,MATCH(16,$H$5:$H$30,0)),"")
B21: 支出 | H21: =IF(A21="","",COUNTIF($A$5:A21,"?*")) | I21: =IFERROR(INDEX($A$5:$A$30,MATCH(17,$H$5:$H$30,0)),"")
B22: 支出 | H22: =IF(A22="","",COUNTIF($A$5:A22,"?*")) | I22: =IFERROR(INDEX($A$5:$A$30,MATCH(18,$H$5:$H$30,0)),"")
A23: 給与 | B23: 収入 | H23: =IF(A23="","",COUNTIF($A$5:A23,"?*")) | I23: =IFERROR(INDEX($A$5:$A$30,MATCH(19,$H$5:$H$30,0)),"")
A24: 賞与 | B24: 収入 | H24: =IF(A24="","",COUNTIF($A$5:A24,"?*")) | I24: =IFERROR(INDEX($A$5:$A$30,MATCH(20,$H$5:$H$30,0)),"")
A25: 副収入 | B25: 収入 | H25: =IF(A25="","",COUNTIF($A$5:A25,"?*")) | I25: =IFERROR(INDEX($A$5:$A$30,MATCH(21,$H$5:$H$30,0)),"")
A26: その他の収入 | B26: 収入 | H26: =IF(A26="","",COUNTIF($A$5:A26,"?*")) | I26: =IFERROR(INDEX($A$5:$A$30,MATCH(22,$H$5:$H$30,0)),"")
B27: 収入 | H27: =IF(A27="","",COUNTIF($A$5:A27,"?*")) | I27: =IFERROR(INDEX($A$5:$A$30,MATCH(23,$H$5:$H$30,0)),"")
B28: 収入 | H28: =IF(A28="","",COUNTIF($A$5:A28,"?*")) | I28: =IFERROR(INDEX($A$5:$A$30,MATCH(24,$H$5:$H$30,0)),"")
B29: 収入 | H29: =IF(A29="","",COUNTIF($A$5:A29,"?*")) | I29: =IFERROR(INDEX($A$5:$A$30,MATCH(25,$H$5:$H$30,0)),"")
B30: 収入 | H30: =IF(A30="","",COUNTIF($A$5:A30,"?*")) | I30: =IFERROR(INDEX($A$5:$A$30,MATCH(26,$H$5:$H$30,0)),"")
A32: ※ 費目の名前を変えたときは、「入力」シートで前の名前を使っている行も直してください（直さないと「費目を確認」と出ます）。 ※ 予算を決めていない費目は空欄のままで大丈夫です。

Sheet 使い方
B1: 家計簿の使い方
B2: 小さな道具箱（chaba-take.com）の無料フォーマットです。
B4: はじめに（1回だけ）
B5: 設定シート | C5: 費目と、1か月に使っていい金額（予算）を決めます。最初から入っている費目は例なので、自分の家に合わせて名前を変えたり、空いている行に追加したりしてください
B6: 支払方法 | C6: よく使う払い方を入れておきます。カードを2枚使い分けているなら「〇〇カード」「△△カード」のように分けると、カードごとの合計もわかります
B8: 毎日・毎週
B9: 入力シート | C9: 日付・費目・内容・金額・支払方法を、1行に1つずつ書いていきます。費目と支払方法はリストから選べます
B10: 区分 | C10: 「収入」か「支出」かは、費目から自動で入ります。給与などの収入も同じ表に書いて大丈夫です
B11: 要確認 | C11: 上の「要確認」に件数が出たら、費目が空いている行か、設定にない費目の行があります
B12: まとめて書いても大丈夫です | C12: レシートをためておいて週末にまとめて書いても大丈夫です。日付さえ合っていれば、月ごとに自動で分かれます
B14: 月末・年末
B15: 月のまとめ | C15: 年と月を入れると、その月の収入・支出・収支と、費目ごとに予算との比較が出ます。予算の80%を超えると黄色、100%を超えると赤になります
B16: 支払方法別 | C16: クレジットカードでいくら使ったかなどがわかるので、引き落とし額の確認にも使えます
B17: 1年のまとめ | C17: 費目ごとに1月〜12月の金額が並びます。年に1回の出費や、季節ごとの変化がわかります
B19: ポイント
B20: 見本の内容 | C20: 最初から入っている2026年11月の記録は見本です。消してから使ってください（入力シートのA6〜F28を選んで削除）
B21: 行が足りなくなったら | C21: 入力シートは2000行あります。足りなくなったら、いちばん下の行をコピーして、その下に貼り付けると増やせます（何行目まで書いても、まとめに反映されます）。年ごとにファイルを分けて使うのもおすすめです
B22: 数式は保護済み | C22: 計算のセルはうっかり消えないようにロックしています（パスワードなし）。列の追加などで変えたいときは「校閲」→「シートの保護の解除」で外せます
B23: 対応ソフト | C23: Excel 2016以降・Microsoft 365・Googleスプレッドシートで動作します。マクロは入っていません
